Unix NetHack Version 5.0.0-0 post-release - last build May 23 2026 06:08:33 (1c0ff79ee797540d5714e4e18072db0edd9e58ae,branch:main).

Game began 2026-05-24 18:04:25, ended 2026-05-24 18:22:44.

Eymerich, chaotic male elven Priest

                       ---------      -------
                       |.......|      |.....|
        -------        |.......-##    |.....|         ----------------
        |.....|        |.......| #####.......######   |.[[[[..[[[[.[[|
        |.....|      ##........|      -------     #   |.[[[..[[[)[[)[|
        |.....-#     # |...>...|                  #  #-..[[..[[.[[)[.|
        |.....|#  #### ---------                  ####----------------
        |.....|# ##                            #######
        |.....+###                             #    #
        --.---- #                              #    ######
          #     #                            ###         #
        ###     ###                          #           #
        #         #                          #           #
        #         # -----#--        ------   #           ###------------
    ----.-------  ##.......|      ##.....|   #             #...........|
    |........{.|####|......-########|rss.|  ##              |..........|
    |...........####...<...|       #-f@...###               |..........|
    |..........|   #|(.....|        ------##################...........|
    ------------    --------             ##                 ------------

Eymerich the Acolyte         St:12 Dx:11 Co:16 In:8 Wi:20 Ch:8  Chaotic
Dlvl:2  $:17 HP:0(32) Pw:59(59) AC:8  Xp:4 T:855  Fainted  Deaf

Latest messages:
 You kick the gecko.
 You kill the gecko!
 Where do you want to travel to?
 (For instructions type a '?')
 Elf needs food, badly!
 You swap places with Puffa.
 You miss the gas spore.
 You hit the gas spore!
 Puffa misses the giant rat.
 Puffa misses the giant rat.
 You swap places with Puffa.
 The giant rat strikes at your displaced image and misses you!
 You miss the giant rat.
 The giant rat bites!
 Puffa misses the giant rat.
 You miss the giant rat.
 The giant rat bites!
 Puffa misses the giant rat.
 You kill the giant rat!
 The giant rat bites!
 You kill the giant rat!
 You swap places with Puffa.
 You faint from lack of food.
 The giant rat bites!
 The giant rat bites!
 You regain consciousness.
 You kill the giant rat!
 You can hear again.
 You faint from lack of food.
 You regain consciousness.
 You kill the gas spore!
 You are caught in the gas spore's explosion!
 You can hear again.
 You see here a giant rat corpse.
 You hear some noises.
 You faint from lack of food.
 The giant rat bites!
 The giant rat bites!
 The giant rat bites!
 The cave spider bites!
 The giant rat bites!
 The cave spider bites!
 Puffa bites the giant rat.
 The giant rat bites!
 The cave spider bites!
 Puffa misses the giant rat.
 The cave spider bites!
 The cave spider bites!
 You die...
 Do you want your possessions identified? [ynq] (y)

Inventory:
 Coins    ('$')
  $ - 17 gold pieces
 Weapons  (')')
  a - a blessed +1 mace (weapon in right hand)
 Armor    ('[')
  q - a +0 orcish helm (being worn)
  w - a +0 cloak of displacement (being worn)
  b - a +0 robe
 Comestibles  ('%')
  e - a clove of garlic
  f - 2 sprigs of wolfsbane
  m - a tripe ration
  j - 3 lichen corpses
 Scrolls  ('?')
  t - a scroll of enchant armor
  r - a scroll of enchant weapon
  z - a scroll of light
 Spellbooks  ('+')
  h - a spellbook of detect monsters
  g - a spellbook of light
 Potions  ('!')
  n - a blessed potion of gain ability
  d - 4 potions of holy water
 Wands    ('/')
  y - a wand of stasis (0:4)
 Tools    ('(')
  i - a tooled horn

Eymerich the Priest's attributes:

Background:
 You were an Acolyte, a level 4 elven Priest.
 You were chaotic, on a mission for Poseidon
 who was opposed by Athena (lawful) and Hermes (neutral).
 You were right-handed.
 You were in the Dungeons of Doom, on level 2.
 You entered the dungeon 855 turns ago.
 You had 144 experience points, 16 more were needed to attain level 5.

Basics:
 You had 0 out of 32 hit points.
 You had all 59 energy points (spell power).
 Your armor class was 8.
 Your wallet contained 17 zorkmids.
 Autopickup was off.

Final Characteristics:
 Your strength was 12 (base:13, limit:18).
 Your dexterity was 11 (limit:18).
 Your constitution was 16 (limit:16).
 Your intelligence was 8 (limit:20).
 Your wisdom was 20 (limit:20).
 Your charisma was 8 (limit:18).

Final Status:
 You were deaf.
 You were fainted due to starvation.
 You were unencumbered.
 You were wielding a mace.
 You had basic skill with mace.

Final Attributes:
 You were devoutly aligned.
 You were sleep resistant.
 You had infravision.
 You were displaced.
 You were warded.
 You are dead.

Miscellaneous:
 You didn't encounter any bones levels.
 Total elapsed playing time was 18 minutes and 17 seconds.

Major events:
 Turn
    1: Eymerich the chaotic elven Priest entered the dungeon
  494: found Mjollnir in a shop
  544: attained the rank of Acolyte (level 3)
  855: killed by a cave spider, while fainted from lack of food

Spells:
 Name                 Level Category     Fail Retention
 light                  1   clerical       3%  91%-100%
 detect monsters        1   divination     3%  76%-100%

Skills:
 Fighting Skills
   bare handed combat [Unskilled]
 Weapon Skills
   club               [Unskilled]
   mace               [Basic]
   morning star       [Unskilled]
   flail              [Unskilled]
   hammer             [Unskilled]
   quarterstaff       [Unskilled]
   polearms           [Unskilled]
   spear              [Unskilled]
   trident            [Unskilled]
   lance              [Unskilled]
   bow                [Unskilled]
   sling              [Unskilled]
   crossbow           [Unskilled]
   dart               [Unskilled]
   shuriken           [Unskilled]
   boomerang          [Unskilled]
   unicorn horn       [Unskilled]
 Spellcasting Skills
   healing spells     [Unskilled]
   divination spells  [Unskilled]
   clerical spells    [Basic]

Voluntary challenges:
 Character rerolling was not enabled.
 You went without food.
 You were an atheist.
 You were illiterate.
 You never genocided any monsters.
 You never polymorphed an object.
 You never changed form.
 You used no wishes.
Achievements:
 You entered a shop.
 You attained the rank of Acolyte.

 The Dungeons of Doom: levels 1 to 2
    Level 1:
       A fountain.
    Level 2: <- You were here.
       An armor shop, a fountain.
       Final resting place for
          you, killed by a cave spider, while fainted from lack of food.


Vanquished creatures:
  a large mimic
  a small mimic
  a gas spore
  a large kobold
  3 giant rats
  a gecko
  a jackal
  a kobold
  2 goblins
  3 grid bugs
  6 lichens
  3 newts
24 creatures vanquished.

No species were genocided or became extinct.

Game over:
                       ----------
                      /          \
                     /    REST    \
                    /      IN      \
                   /     PEACE      \
                  /                  \
                  |     Eymerich     |
                  |      17 Au       |
                  | killed by a cave |
                  |      spider      |
                  |                  |
                  |                  |
                  |       2026       |
                 *|     *  *  *      | *
        _________)/\\_//(\/(/\)/\//\/|_)_______

Goodbye Eymerich the Priest...

You died in The Dungeons of Doom on dungeon level 2 with 642 points,
and 17 pieces of gold, after 855 moves.
You were level 4 with a maximum of 32 hit points when you died.

